 Dungeon Crawl Stone Soup version 0.28.0-47-ge53b351184 (webtiles) character file.

Game seed: 7010332942294303318

219 enile the Soothsayer (level 6, -14/48 HPs)
             Began as a Formicid Fighter on May 6, 2022.
             Was a Priest of Nemelex Xobeh.
             Demolished by an ogre
             ... wielding a +0 giant club
              (28 damage)
             ... on level 3 of the Dungeon.
             The game lasted 00:05:41 (3630 turns).

enile the Soothsayer (Formicid Fighter)             Turns: 3630, Time: 00:05:42

Health: -14/48     AC:  7    Str: 21 (22) XL:     6   Next: 18%
Magic:  9/9        EV:  9    Int:  6 (8)  God:    Nemelex Xobeh [***...]
Gold:   118        SH:  5    Dex:  8 (10) Spells: 5/5 levels left

rFire   . . .      SeeInvis +   a - +0 quarterstaff
rCold   . . .      Faith    .   c - +1 buckler
rNeg    . . .      Spirit   .   b - +0 scale mail
rPois   .          Reflect  .   (helmet unavailable)
rElec   .          Harm     .   (no cloak)
rCorr   .          Rampage  .   (no gloves)
Will    .....                   (no boots)
Stlth   +.........              (no amulet)
HPRegen 0.16/turn               l - ring of wizardry
MPRegen 0.11/turn               (no ring)

@: no status effects
A: permanent stasis, dig shafts and tunnels, antennae 3, four strong arms
a: Dig, Shaft Self, Renounce Religion, Draw Escape, Draw Destruction, Draw
Summoning, Triple Draw


You were on level 3 of the Dungeon.
You worshipped Nemelex Xobeh.
Nemelex Xobeh was most pleased with you.
You visited 1 branch of the dungeon, and saw 4 of its levels.

You collected 118 gold pieces.

Inventory:

Hand Weapons
 a - a +0 quarterstaff (weapon)
 d - a +0 morningstar
 j - a +0 hand axe
Armour
 b - a +0 scale mail (worn)
 c - a +1 buckler (worn)
Jewellery
 l - a ring of wizardry (left hand)
Wands
 p - a wand of digging (2)
Scrolls
 f - a scroll of immolation
 h - 2 scrolls of enchant armour
 k - a scroll of noise {unknown}
 m - a scroll of identify {unknown}
 n - a scroll of fog {unknown}
 o - a scroll of amnesia
 q - a scroll of enchant weapon {unknown}
 r - a scroll of vulnerability
 s - 2 scrolls of teleportation {unknown}
 t - a scroll of blinking {unknown}
Potions
 e - a potion of curing
 g - a potion of magic {unknown}
 i - a potion of degeneration


   Skills:
 - Level 4.0 Fighting
 - Level 2.0 Staves
 - Level 4.0 Armour
 - Level 3.0 Stealth
 - Level 3.6 Shields
 + Level 4.8 Invocations


You had 5 spell levels left.
You didn't know any spells.
Your spell library contained the following spells:

 Spells                   Type           Power      Damage    Failure   Level
 Sublimation of Blood     Necr           0%         N/A       65%         2
 Wereblood                Tmut           0%         N/A       65%         2
 Summon Hydra             Summ           0%         N/A       100%        7


Dungeon Overview and Level Annotations

Branches:
Dungeon (4/15)
 Temple: D:4-7

Altars:
Gozag
Makhleb
Nemelex Xobeh
Okawaru
Uskayaw


Innate Abilities, Weirdness & Mutations

You cannot be hasted, slowed, berserked, paralysed or teleported.
You can dig through walls and to a lower floor.
You have a pair of large antennae on your head. (SInv)
Your four strong arms can wield two-handed weapons with a shield.


Message History

The iguana is almost dead.
The iguana closely misses you.
You hit the iguana.
You kill the iguana!
Found 14 arrows.
The ogre shouts!
Found a ring mail and 4 gold pieces.
You see here a +0 giant spiked club.
You enter the shallow water.
Moving in this stuff is going to be slow.
An orc comes into view. It is wielding a +0 hand axe.
The orc shouts!
The dart slug launches a dart at you. The slug dart misses you.
Why would you want to do that?
The ogre hits you with a +0 giant club!!
The ogre barely misses you. The ogre barely misses you.
A dart slug comes into view.
The dart slug launches a dart at you. The slug dart hits you.
The dart slug moves out of view.
You see here a scroll labelled LISIMNY EXIETU.
The dart slug launches a dart at you. The slug dart misses you.
The dart slug launches a dart at you. The slug dart misses you.
There is a stone staircase leading up here.
The ogre hits you with a +0 giant club!
* * * LOW HITPOINT WARNING * * *
You climb upwards.
There is a stone staircase leading down here.
Okay, then.
Okay, then.
It was a potion of degeneration.
There was something very wrong with that liquid.
You feel weakened.
You feel dopey.
You feel clumsy.
The ogre hits you with a +0 giant club!!
Ouch! That really hurt!
You die...
Your body disappears without a glow.

#...## ##.....## ####
#.#..#####.......## #...
#.##....##........# #####.##
#<.†###..#........##### ##.....#
#......#.##.....#...).###..#####
#......#..##....#####.##....<#
.......##..#.....# #..>.....##
.####..###.#...O.####.#.†.....###
...##..# #...)..@.....#.#.......#
....#..# ###....#.....#.#....##..
....#..# #......###...#........
_......# #....#####..####...###
....#..## #....# #........### #
....#...# #....# #.#.......####
...##†#.# #....# #...####..##..
.####.#†# #########..## #...#.#
......#.# ###.......# ##....#


You could see an ogre.

Vanquished Creatures
  A bullfrog skeleton (D:4)
  An iguana (D:4)
  An orc wizard (D:3)
  A gnoll (D:1)
  5 adders
  3 worms
  5 dart slugs
  6 orcs (D:3)
  5 bats
  2 endoplasms
  3 giant cockroaches
  7 goblins
  2 hobgoblins
  2 jackals (D:1)
  7 kobolds
  6 quokkas
  9 ball pythons
  3 frilled lizards
  5 rats
74 creatures vanquished.

Notes
Turn   | Place    | Note
-------+----------+-------------------------------------------
     0 | D:1      | enile the Formicid Fighter began the quest for the Orb.
     0 | D:1      | Reached XP level 1. HP: 18/18 MP: 1/1
    82 | D:1      | Found a faded altar of an unknown god.
   183 | D:1      | Prayed at the altar of an unknown god.
   183 | D:1      | Became a worshipper of Nemelex Xobeh the Trickster
   183 | D:1      | Reached * piety under Nemelex Xobeh
   405 | D:1      | Reached XP level 2. HP: 25/25 MP: 2/2
   512 | D:1      | Received a gift from Nemelex Xobeh
   750 | D:1      | Reached XP level 3. HP: 12/30 MP: 3/3
  1067 | D:2      | Reached ** piety under Nemelex Xobeh
  1187 | D:2      | Reached skill level 1 in Stealth
  1459 | D:2      | Reached XP level 4. HP: 33/37 MP: 4/4
  1916 | D:2      | Reached skill level 1 in Invocations
  2290 | D:3      | Found a hide-covered altar of Uskayaw.
  2300 | D:3      | Received a gift from Nemelex Xobeh
  2409 | D:3      | Reached XP level 5. HP: 42/42 MP: 6/6
  2777 | D:3      | Found an iron altar of Okawaru.
  2828 | D:3      | Found a burning altar of Makhleb.
  2828 | D:3      | Noticed a blizzard demon
  2831 | D:3      | Noticed a hellwing
  2831 | D:3      | Noticed an orange demon
  2839 | D:3      | Reached *** piety under Nemelex Xobeh
  2873 | D:3      | Received a gift from Nemelex Xobeh
  2950 | D:3      | Found an opulent altar of Gozag.
  3310 | D:4      | Noticed an ogre
  3544 | D:4      | Reached XP level 6. HP: 42/48 MP: 7/9
  3553 | D:4      | Noticed an ogre
  3604 | D:4      | an ogre changed into an iguana
  3630 | D:3      | Demolished by an ogre

Illustrated notes

Levels and vault maps discovered:
D:1:      minmay_arrival_doors, layout_loops_cross,
          shapermc_ecumenical_altar_acropolis, minmay_pentomino_w4
D:2:      minmay_razor_zed, layout_basic, minivault_19, nrook_mini_vaults
D:3:      layout_rooms, mainiacjoe_overflow_chevrons, makhleb_altar_promises_db,
          okawaru_metal_pillars_1_2, old_standard_altar
D:4:      kennysheep_slugbush, layout_rooms,
          nicolae_hepliaklqana_ecumenical_no_more, uniq_ijyb

Skill      XL: |  1  2  3  4  5 |
---------------+----------------+-----
Fighting       | 4 |  4.0
Armour         | 4 |  4.0
Stealth        | 2 3 |  3.0
Invocations    | 2 4 |  4.8
Staves         | |  2.0
Shields        | |  3.6

Action                   |  1- 3 |  4- 6 || total
-------------------------+-------+-------++-------
Melee: Quarterstaff      |    73 |   138 ||   211
Invok: Draw Destruction  |       |     3 ||     3
  Use: Potion            |       |     3 ||     3
       Scroll            |       |     4 ||     4
Armor: Scale mail        |    30 |    67 ||    97
Dodge: Dodged            |    35 |    77 ||   112
Block: Buckler           |    13 |    27 ||    40
